 Dungeon Crawl Stone Soup version 0.32-a0-876-gcfddb08 (webtiles) character file.

Game seed: 3362005180373844178

483 IQJUMP the Ruffian (level 6, 0/59 HPs)
             Began as a Troll Fighter on Mar 30, 2024.
             Succumbed to a kobold's poison
             ... in a sewer on Mar 31, 2024.
             The game lasted 00:09:09 (2369 turns).

IQJUMP the Ruffian (Troll Fighter)                  Turns: 2369, Time: 00:09:09

Health: 0/59       AC:  9    Str: 27    XL:     6   Next: 88%
Magic:  5/5        EV:  8    Int:  4    God:
Gold:   49         SH:  7    Dex:  9    Spells: 5/5 levels left

rFire   . .          .
                       - Unarmed
rCold   . . .        b - +0 kite shield
rNeg    . . .        a - +0 robe
rPois   .            (helmet restricted)
rElec   .            s - +0 cloak
rCorr   .            (gloves unavailable)
SInv    .            (boots unavailable)
Will    .....        (no amulet)
Stlth   +            g - ring of wizardry
HPRegen 1.09/turn    y - +4 ring of protection
MPRegen 0.09/turn

%: wizardry (x1)
@: lethally poisoned (0 -> -13)
A: large, unfitting armour, claws 3, regeneration 1, shaggy fur 1, tough skin 1
a: no special abilities


You were in a sewer.
You visited 1 branch of the dungeon, and saw 4 of its levels.
You also visited: Sewer.

You collected 98 gold pieces.
You spent 49 gold pieces at shops.

Inventory:

Armour
 a - a +0 robe (worn)
 b - a +0 kite shield (worn)
 s - a +0 cloak (worn)
Jewellery
 g - a ring of wizardry (left claw)
 p - a ring of see invisible
 y - a +4 ring of protection (right claw)
Talismans
 z - a maw talisman
Scrolls
 f - 6 scrolls of identify {unknown}
 h - a scroll of noise {unknown}
 j - a scroll of fog {unknown}
 k - a scroll of blinking {unknown}
 l - a scroll of brand weapon {unknown}
 n - a scroll of immolation {unknown}
 o - a scroll of amnesia {unknown}
 r - a scroll of poison {unknown}
 t - a scroll of enchant armour {unknown}
 v - a scroll of butterflies {unknown}
Potions
 c - 3 potions of might
 d - 3 potions of attraction {unknown}
 e - a potion of invisibility {unknown}
 i - 2 potions of lignification {unknown}
 m - a potion of curing {unknown}
 q - 3 potions of brilliance {unknown}
 u - a potion of heal wounds {unknown}
 w - a potion of cancellation {unknown}
 x - 2 potions of haste {unknown}


   Skills:
 - Level 2.6 Fighting
 - Level 2.7 Dodging
 - Level 3.1 Shields
 * Level 7.0 Unarmed Combat


You had 5 spell levels left.
You didn't know any spells.
Your spell library was empty.

Dungeon Overview and Level Annotations

Branches:
Dungeon (4/15)              Sewer (1/1)
 Temple: D:4-7

Altars:
Ashenzari

Shops:
D:2 ([*=


Innate Abilities, Weirdness & Mutations

You are too large for most types of armour.
You have claws for hands.
Your natural rate of healing is unusually fast.
You are covered in fur. (AC +1)
You have tough skin. (AC +1)


Message History

The kobold hits you with a +0 short sword of venom.
You are more poisoned.
The kobold hits you but does no damage.
Your Unarmed Combat skill increases to level 7!
You barely miss the kobold.
You feel very sick. You block the kobold's attack.
The kobold splashes around in the water. x2
You closely miss the kobold.
You feel very sick. The kobold closely misses you.
You block the kobold's attack. The kobold hits you but does no damage.
You are more poisoned.
The kobold hits you with a +0 dagger. The kobold barely misses you.
You claw the kobold!
You kill the kobold!
You hear a splash. x2
You feel very sick. You block the kobold's attack. x2
You feel very sick. The kobold attacks as it pursues you!
The kobold hits you but does no damage.
You are more poisoned.
Things that are here:
a +0 dagger; 2 poisoned darts You feel very sick.
The kobold brigand throws a poisoned dart.
You block the poisoned dart. The kobold hits you but does no damage.
You feel very sick.
You enter the shallow water.
You feel very sick. The kobold attacks as it pursues you!
The kobold hits you with a +0 short sword of venom.
* * * LOW HITPOINT WARNING * * *
You are lethally poisoned!
* * * LOW HITPOINT WARNING * * *
You feel very sick.
The kobold throws a stone.
The stone hits you but does no damage. The kobold attacks as it pursues you!
The kobold hits you but does no damage.
You are more poisoned.
You die...

#~# #~# #~# #~# #~# #~# #~#
#########~##
#.K.K~@.~~~#######
#.K~~~~~~~~..~...######
#hK≈≈≈~~~~~~~≈~~~~≈≈≈≈≈
......~K≈≈≈≈≈≈≈≈≈≈≈≈≈≈≈≈≈≈≈≈
#....#~~≈≈≈~~~~~~~~~~~~~≈≈≈#
.....#..~~~~.~~~......######
.##. #..~~~..~~.###.### ##
############ #∩# ###


You could see a kobold brigand, a jackal and 4 kobolds.

Vanquished Creatures
  A phantom (D:4)
  A kobold brigand (Sewer)
  A hound (D:4)
  Jessica (D:2)
  2 orc wizards
  5 gnolls
  7 adders
  2 ribbon worms (D:2)
  2 dart slugs
  19 orcs
  8 ball pythons
  9 endoplasms
  3 giant cockroaches
  7 hobgoblins
  6 jackals
  3 quokkas (D:1)
  4 bats
  A frilled lizard (D:3)
  5 goblins
  6 kobolds
  6 rats
99 creatures vanquished.

Notes
Turn   | Place    | Note
-------+----------+-------------------------------------------
     0 | D:1      | IQJUMP the Troll Fighter began the quest for the Orb.
     0 | D:1      | Reached XP level 1. HP: 22/22 MP: 0/0
    72 | D:1      | Upgraded the game from 0.32-a0-872-g59262bd to
                  | 0.32-a0-876-gcfddb08
   308 | D:1      | Reached XP level 2. HP: 29/29 MP: 1/1
   946 | D:1      | Reached XP level 3. HP: 36/36 MP: 2/2
  1056 | D:2      | Found Jicabb's General Store.
  1067 | D:2      | Found Laogre's Jewellery Shop.
  1112 | D:2      | Reached skill level 3 in Unarmed Combat
  1137 | D:2      | Noticed Jessica
  1146 | D:2      | Killed Jessica
  1147 | D:2      | Reached XP level 4. HP: 37/44 MP: 3/3
  1196 | D:2      | Reached skill level 4 in Unarmed Combat
  1205 | D:2      | Reached XP level 5. HP: 20/50 MP: 4/4
  1352 | D:2      | Bought a +0 cloak for 49 gold pieces
  1427 | D:2      | Found Ficoppo's Antique Armour Emporium.
  1471 | D:2      | Found Iczics's Weapon Shoppe.
  1653 | D:3      | Identified the +2 leather armour of the Beekeeper {Dex+4}
  1669 | D:3      | Found a broken altar of Ashenzari.
  1686 | D:3      | Noticed Grinder
  1724 | D:3      | Reached skill level 5 in Unarmed Combat
  2067 | D:4      | Reached XP level 6. HP: 55/59 MP: 5/5
  2157 | D:4      | Reached skill level 6 in Unarmed Combat
  2229 | D:4      | Found a glowing drain.
  2290 | Sewer    | Entered a sewer
  2361 | Sewer    | Reached skill level 7 in Unarmed Combat
  2369 | Sewer    | Succumbed to a kobold's poison

Illustrated notes

Levels and vault maps discovered:
D:1:      dpeg_arrival_boxes_within_box, layout_basic, kennysheep_pointless_box,
          minmay_tall_x
D:2:      layout_rooms, serial_shops, shop, nicolae_shop_dealshenge,
          nicolae_shop_bloodbath_and_beyond, shop, minmay_tetromino_o4,
          uniq_jessica
D:3:      layout_rooms, nicolae_ashenzari_panopticon, minivault_14, uniq_grinder
D:4:      layout_layer_cave, nzn_wu_jian_contemplation, zin_angel,
          temple_statues, enter_ossuary_4, gup_sewer_entry_glass, hex_medium
Sewer:    sewer_kobolds

Skill      XL: |  1  2  3  4  5  6 |
---------------+-------------------+-----
Shields        | 3 |  3.1
Unarmed Combat | 3 4 5 7 |  7.0
Fighting       | |  2.6
Dodging        | |  2.7

Action                     |  1- 3 |  4- 6 || total
---------------------------+-------+-------++-------
  Melee: Unarmed           |    92 |   156 ||   248
   Stab: Sleeping          |       |     1 ||     1
 Armour: Robe              |    36 |   108 ||   144
  Dodge: Dodged            |    32 |    64 ||    96
  Block: Kite shield       |    33 |    78 ||   111

Table legend: (Time is in decaauts)
 A = Elapsed time spent in this place.
 B = Non-inter-level travel time spent in this place.
 C = Inter-level travel time spent in this place.
 D = Time resting spent in this place.
 E = Time spent auto-exploring this place.
 F = Levels seen in this place.
 G = Mean time per level.
                   A        B        C        D        E       F      G
               +--------+--------+--------+--------+--------+-----+--------+
         Total |   2377 |   2293 |     84 |      0 |   1589 |   5 |  475.4 |
       Dungeon |   2298 |   2214 |     84 |      0 |   1543 |   4 |  574.5 |
         Sewer |     79 |     79 |      0 |      0 |     46 |   1 |   79.0 |
               +--------+--------+--------+--------+--------+-----+--------+

Top non-repeatable levels by time:
     D:1: 1030 daAuts
     D:2: 521 daAuts
     D:3: 506 daAuts
     D:4: 240 daAuts
   Sewer: 79 daAuts
